AoeStats
← Kaiser Ze

Nomad

509310310Analyzed
3v3 RM · 6d ago on Sep 26, 2026· 23m 20s· 6 players
Game mode
Random Map
Map size
210×210
Population
200
Speed
Normal
Resources
Standard
Victory
Conquest
Starting age
Dark Age
Ending age
Imperial Age
RankedLock teamsTeams togetherTeam positionsShared explorationLock speedFull tech treeHidden civsTurbo modeCheats
Victory
Defeat
1457
+9
🇨🇳 Franks · China
1452
+10
🇨🇳 Dravidians · China
1422
+11
🇩🇪 Burgundians · Germany
1344
-11
🇺🇸 Maya · United States
1299
-10
🇺🇸 Romans · United States
1267
-9
dl_cucga
5:10 Loom
14:00 Feudal Age
17:57 Castle Age
16:13 Fishing Lines
17:00 Fletching
P1nGp0nG
4:34 Loom
10:39 Double-Bit Axe
13:23 Feudal Age
17:58 Castle Age
16:46 Bow Saw
17:34 Scale Mail Armor
Re_b_s
5:52 Loom
15:22 Feudal Age
你可以打我队友吗
13:40 Feudal Age
13:07 Loom
15:07 Fishing Lines
17:42 Castle Age
16:05 Padded Archer Armor
16:24 Double-Bit Axe
17:52 Gold Mining
19:43 Medium Warships
20:00 Leather Archer Armor
21:12 Horse Collar
Kaiser Ze
4:43 Loom
14:27 Feudal Age
15:07 Fishing Lines
15:31 Double-Bit Axe
16:36 Fletching
20:59 Castle Age
19:33 Gold Mining
21:25 Padded Archer Armor
乌合之众
4:40 Loom
13:03 Feudal Age
17:13 Castle Age
17:18 Double-Bit Axe
22:38 Forging
Connection lost

Rejoining the realm…

Still unreachable

The connection could not be restored.

Session expired

The server has moved on; the page needs a fresh start.